Map: 포트 알렉산더 - 래더

Players

Stats - Winner!

  • Race: Protoss Protoss
  • Spawn Location: 11:00

Patience

  • Race: Protoss Protoss
  • Spawn Location: 5:00

Event: IEM Season 13: Katowice (2019)

VOD

Have the link to the VOD?

Description

Time

  • Played on: Feb. 28, 2019, 6:38 a.m.
  • Length: 10:39

All games in this series

Show
View Real Time Build Order
Export as new Build Order

Stats Protoss - Winner!

Build Orders: Oracle Opening, Blink Stalkers 

Get SALT Encoding   

  12  0:00  Probe  
  13  0:13  Probe  
  14  0:18  Pylon  
  14  0:24  Probe  
  15  0:33  Probe  
  15  0:38  Gateway  
  15  0:41  Probe  
  16  0:47  Assimilator  
  17  0:51  Probe  
  17  0:56  Assimilator  
  18  0:59  Probe  
  19  1:07  Probe  
  19  1:13  Gateway  
  19  1:17  Probe  
  21  1:26  Cybernetics Core  
  21  1:30  Probe  
  22  1:38  Pylon  
  22  1:42  Probe  
  23  2:03  Stargate  
  23  2:04  Adept x2  
  27  2:10  Warp Gate  
  27  2:15  Pylon  
  27  2:20  Probe  
  28  2:34  Stalker  
  30  2:37  Oracle  
  30  2:41  Shield Battery  
  32  2:54  Probe  
  32  2:56  Stalker  
  35  3:04  Pylon  
  35  3:22  Gateway  
  35  3:23  Twilight Council  
  35  3:38  Blink  
  35  3:39  Probe  
  36  3:51  Pylon  
  36  3:54  Pylon  
  36  3:59  Stalker  
  36  4:00  Stalker  
  36  4:02  Shield Battery  
  36  4:18  Probe  
  35  4:34  Probe  
  29  4:43  Stalker  
  29  4:44  Stalker  
  33  4:46  Probe  
  34  4:54  Stalker  
  37  5:00  Probe  
  37  5:19  Probe  
  38  5:26  Stalker x2  
  36  6:01  Stalker x2  
  36  6:02  Stalker  
  35  6:08  Probe  
  34  6:22  Probe  
  33  6:33  Probe  
  34  6:41  Probe  
  35  6:49  Probe  
  36  7:01  Probe  
  36  7:03  Oracle  
  36  7:05  Stalker x2  
  44  7:18  Probe  
  45  7:30  Oracle  
  45  7:31  Nexus  
  46  7:59  Stalker x2  
  46  8:02  Stalker  
  52  8:21  Pylon  
  52  8:34  Stalker  
  52  8:35  Stalker x2  
  58  8:44  Probe x2  
  48  8:59  Stalker x2  
  50  9:04  Stalker  
  46  9:22  Sentry  
  48  9:30  Sentry, Zealot  
  44  9:48  Sentry  
  34  10:00  Stalker  
  30  10:10  Stalker  
  30  10:12  Zealot  
  31  10:27  Stalker  
Show
View Real Time Build Order
Export as new Build Order

Patience Protoss 

Build Orders: Oracle Opening, Phoenix Opening 

Get SALT Encoding   

  12  0:00  Probe  
  13  0:12  Probe  
  14  0:18  Pylon  
  14  0:23  Probe  
  15  0:32  Probe  
  15  0:38  Gateway  
  15  0:40  Probe  
  16  0:47  Assimilator  
  17  0:51  Probe  
  17  0:56  Assimilator  
  18  0:59  Probe  
  19  1:08  Probe  
  19  1:09  Gateway  
  20  1:20  Probe  
  21  1:27  Cybernetics Core  
  21  1:37  Probe, Pylon  
  22  1:49  Probe  
  24  2:01  Probe  
  24  2:03  Adept  
  24  2:04  Adept  
  28  2:10  Stargate  
  28  2:13  Warp Gate  
  28  2:20  Pylon  
  28  2:27  Pylon  
  28  2:31  Probe  
  29  2:43  Stalker  
  31  2:44  Oracle  
  31  2:50  Shield Battery  
  34  3:02  Shield Battery  
  34  3:13  Oracle  
  36  3:40  Probe  
  37  3:52  Phoenix  
  37  3:53  Pylon, Probe  
  40  4:05  Pylon  
  39  4:11  Probe  
  39  4:12  Stalker  
  39  4:13  Stalker  
  44  4:26  Probe  
  38  4:38  Probe  
  38  4:39  Robotics Facility  
  39  4:51  Gateway  
  39  4:52  Adept, Pylon  
  41  4:55  Adept  
  39  5:14  Immortal  
  39  5:21  Sentry, Stalker  
  44  5:47  Stalker x3  
  35  6:10  Stalker  
  35  6:11  Zealot  
  34  6:21  Zealot  
  36  6:27  Immortal  
  39  6:41  Stalker  
  38  6:54  Pylon  
  38  7:02  Immortal  
  38  7:14  Probe  
  43  7:25  Sentry  
  43  7:26  Pylon  
  43  7:39  Stalker  
  45  7:50  Warp Prism  
  47  8:01  Sentry  
  47  8:02  Sentry, Zealot  
  53  8:25  Stalker x2  
  42  8:59  Stalker x2  
  42  9:35  Stalker  
  28  10:14  Stalker  
  28  10:15  Stalker  

Tags
 
Add a new tag
Caveats
  • Supply blocks, unpowered buildings, or Contaminate may cause inaccurate times.
  • Supply counts are checked every 10 seconds.